Cogmind - Beta 16 @@@ ROGUE MODE // 2025.11.25 @ 10:45:01 Player: Librarian Ape Result: Destroyed by Autobeam Turret with Autobeam Performance ------------- Evolutions (0) 0 Regions Visited (2) 400 Robots Destroyed (24) 120 Value Destroyed (500) 500 Prototype IDs (4) 80 Alien Tech Used (0) 0 Bonus (0) 0 TOTAL SCORE: 1100 Bonus ------- None Cogmind --------- Core Integrity 0/250 Matter 181/300 Energy 57/100 System Corruption 0% Temperature Cool (6) Movement Core (450) Ox8 Location -10/Subcaves Parts ------- > --- POWER (1) -------- (None) > --- PROPULSION (2) --- (None) > --- UTILITY (2) ------ Large Storage Unit Structural Scanner > --- WEAPON (2) ------- Heavy Riot Gun Makeshift Spear > --- INVENTORY (15) --- Subdweller Power Source Light Nuclear Core Improved Heat Sink Medium Storage Unit Machine Analyzer Subdweller Optics Seismic Detector Utility Shielding Beam Cannon Beam Cannon Light Assault Rifle Mining Laser Peak State ------------ > --- POWER ------------ Subdweller Power Source > --- PROPULSION ------- Light Treads > --- UTILITY ---------- Large Storage Unit Structural Scanner > --- WEAPON ----------- Heavy Riot Gun Makeshift Spear > --- INVENTORY -------- Ion Engine Light Nuclear Core Improved Heat Sink Medium Storage Unit Machine Analyzer Subdweller Optics Seismic Detector Utility Shielding Beam Cannon Beam Cannon Light Assault Rifle Mining Laser [Rating: 14] Favorites ----------- Power Ion Engine Engine Ion Engine Propulsion Light Treads Treads Light Treads Wheel Wheel Utility Seismic Detector Device Seismic Detector Storage Small Storage Unit Weapon Light Assault Rifle Energy Gun Medium Laser Energy Cannon Beam Cannon Ballistic Gun Light Assault Rifle Launcher Grenade Launcher Piercing Weapon Makeshift Spear Build | -11 -10 -10 ------- Run | Yrd Mat Sub Slots Evolved . | . . . Power . | . . . Propulsion . | . . . Utility . | . . . Weapon . | . . . Parts Attached 23 | 7 9 7 Power 4 | 1 2 1 Engine 4 | 1 2 1 Core . | . . . Reactor . | . . . Propulsion 5 | 2 2 1 Treads 3 | . 2 1 Leg . | . . . Wheel 2 | 2 . . Hover . | . . . Flight . | . . . Utility 5 | 2 2 1 Device 2 | 1 . 1 Storage 3 | 1 2 . Processor . | . . . Hackware . | . . . Protection . | . . . Artifact . | . . . Weapon 9 | 2 3 4 Energy Gun 2 | . 1 1 Energy Cannon 1 | . 1 . Ballistic Gun 2 | 2 . . Ballistic Cannon . | . . . Launcher 3 | . 1 2 Special Weapon . | . . . Impact Weapon . | . . . Slashing Weapon . | . . . Piercing Weapon 1 | . . 1 Special Melee Weapon . | . . . Unidentified Prototypes . | . . . Parts Lost 7 | . . 7 Power 1 | . . 1 Propulsion 3 | . . 3 Utility . | . . . Weapon 3 | . . 3 Highest Loss Streak 3 | . . 3 To Critical Strikes . | . . . Average Backups 8 | 2 8 11 Power 1 | . 1 1 Propulsion 1 | . 1 . Utility 2 | . 2 4 Weapon 3 | . 2 4 Tool/Special . | . . . Unused Backups 13 | . 6 7 Power 1 | . . 1 Propulsion 3 | . 3 . Utility 7 | . 3 4 Weapon 2 | . . 2 Tool/Special . | . . . Average Slot Usage (%) 96 | . 100 89 Engine 14 | . 14 14 Treads 23 | . 24 23 Wheel 2 | . 3 . Device 14 | . 14 14 Storage 14 | . 14 14 Energy Gun 3 | . 5 . Energy Cannon 7 | . 5 9 Ballistic Gun 11 | . 14 3 Launcher 2 | . 2 3 Piercing Weapon 1 | . . 6 Peak Build Rating 14 | 7 8 14 Average Rating 8 | 5 7 9 On Entrance 5 | . 7 8 Avg Prop Armor Cover (%) . | . . . Naked Turns . | . . . Heaviest Build 36 | 12 30 36 Greatest Support 40 | 26 40 40 Greatest Overweight (x) 1 | . . 1 Average Overweight (x) . | . . . Largest Inventory Capacity 15 | 8 15 15 Average Capacity 10 | 7 9 15 Most Carried 13 | 7 10 13 Average Carried 8 | 2 8 11 Final Capacity 15 | 8 15 15 Final Carried 12 | 7 10 12 Class Distribution -------------------- 100% | Mutant Dominant Class ---------------- Mutant | -10/Materials Mutant | -10/Subcaves Resources | -11 -10 -10 ----------- Run | Yrd Mat Sub Matter Collected 650 | 354 250 46 Remotely . | . . . Salvage Created 624 | 129 382 113 Parts 47 | 8 32 7 Haulers Intercepted 1 | . 1 . Recyclers Shooed . | . . . Parts Field Recycled . | . . . Retrieved Matter . | . . . Parts Self-Destructed 6 | . . 6 Prevented . | . . . Parts Restored . | . . . Kills | -11 -10 -10 ------- Run | Yrd Mat Sub Combat Hostiles Destroyed 16 | . 11 5 Melee 1 | . . 1 Guns 8 | . 8 . Cannons 1 | . . 1 AOE 6 | . 3 3 Classes Destroyed 8 | 2 5 1 Builder 1 | . 1 . Tunneler 4 | 3 1 . Hauler 1 | . 1 . Recycler 1 | 1 . . Watcher 1 | . 1 . Swarmer 6 | . 6 . Grunt 5 | . 5 . Subdweller 5 | . . 5 Best Kill Streak 4 | 2 4 2 Combat Bots Only 3 | . 3 2 Max Kills in Single Turn 2 | 1 2 1 Gunslinging . | . . . Exploded 2 | . 2 1 Melee 1 | . . 1 Uniques/NPCs Destroyed . | . . . Combat | -11 -10 -10 -------- Run | Yrd Mat Sub Hostile Shots Fired 141 | . 50 91 Missed 49 | . 18 31 Hits 92 | . 32 60 Projectile 92 | . 32 60 Critical Strikes 1 | . 1 . Damage Taken 1383 | . 340 1043 Core 257 | . 33 224 Absorbed by Shields . | . . . Core Remaining (%) 100 | 100 . . Volleys Fired 88 | 21 53 14 Largest 2 | 2 2 1 Hottest 80 | 40 80 60 Shots Fired 155 | 42 99 14 Gun 132 | 42 87 3 Cannon 12 | . 10 2 Launcher 11 | . 2 9 Special . | . . . Kinetic 118 | 42 74 2 Thermal 25 | . 23 2 Explosive 9 | . 2 7 Electromagnetic 3 | . . 3 Robot Hit Streak 13 | 8 13 9 Robot Miss Streak 7 | 2 7 1 Penetration Max . | . . . Secondary Targets 1 | . 1 . Max Gunslinging Chain 1 | . 1 . Shots Hit Robots 96 | 29 51 16 Core Hits 41 | 7 23 11 Critical Kills . | . . . Critical Parts Destroyed . | . . . Critical Strikes . | . . . Melee Attacks 16 | . . 16 Impact . | . . . Slashing . | . . . Piercing 16 | . . 16 Sneak Attacks . | . . . Combat Hostiles . | . . . Follow-up Attacks . | . . . Damage Inflicted 1793 | 317 749 727 Guns 885 | 317 517 51 Cannons 35 | . 18 17 Explosions 752 | . 214 538 Melee 121 | . . 121 Ramming . | . . . Kinetic 908 | 317 480 111 Thermal 72 | . 55 17 Explosive 641 | . 214 427 Electromagnetic 51 | . . 51 Impact . | . . . Slashing . | . . . Piercing 121 | . . 121 Highest Corruption . | . . . Average Corruption . | . . . Corruption Purged . | . . . Corruption Blocked . | . . . Overload Shots . | . . . Overflow Damage 21 | . . 21 Projectiles . | . . . Explosions 16 | . . 16 Melee 5 | . . 5 Knockbacks . | . . . Impact . | . . . Kinetic . | . . . Secondary . | . . . Self-Inflicted Damage 91 | . . 91 Shots 5 | . . 5 Rammed . | . . . Targets Rammed . | . . . Kicked . | . . . Crushed . | . . . Highest Temperature 100 | . 100 15 Average Temperature 25 | . 25 13 Received Heat Transfer 552 | . 153 399 Siege Activations . | . . . Martial Activations . | . . . Shielding Activations . | . . . Robots Disrupted . | . . . Combat Hostiles . | . . . Robots Corrupted . | . . . Combat Hostiles . | . . . Parts Fried . | . . . Impact Corruptions . | . . . Robots Melted . | . . . Combat Hostiles . | . . . Parts Melted 1 | . 1 . Heat Transferred 185 | . 148 37 Parts Sabotaged . | . . . Parts Stolen . | . . . Parts Stripped . | . . . Power Chain Reactions . | . . . Alert | -11 -10 -10 ------- Run | Yrd Mat Sub Maximum Alert Level . | . . . Low Security (%) 100 | 100 100 . Level 1 . | . . . Level 2 . | . . . Level 3 . | . . . Level 4 . | . . . Level 5 . | . . . High Security . | . . . Max Security . | . . . Peak Influence 144 | 5 144 . Initial . | . . . Average 32 | 1 35 . Influence Increases 691 | 20 401 270 Destroy 0b10 Robot/C 220 | . 220 . Destroy 0b10 Robot/NC 40 | 20 20 . Destroy Leader 44 | . 44 . Successful Hack 26 | . 26 . Select Force Hacks 30 | . 30 . Destroy Structure 16 | . 16 . Lose Combat Pursuer 315 | . 45 270 Influence Decreases 449 | 20 401 28 Time Decay 428 | 20 400 8 Lost Part 20 | . . 20 Purge Threat 1 | . 1 . Squads Dispatched 2 | . 2 . Investigation 2 | . 2 . Extermination . | . . . Reinforcement . | . . . Assault . | . . . Garrison . | . . . Intercept . | . . . Searches Triggered . | . . . Construction Impeded . | . . . Haulers Reinforced . | . . . Active Scanning Responses . | . . . Cargo Convoy Interrupts . | . . . Stealth | -11 -10 -10 --------- Run | Yrd Mat Sub Distress Signals 1 | . 1 . Communications Jammed . | . . . Distress Signals . | . . . Times Spotted 43 | . 21 22 Peak Tracking Total 4 | . 4 2 Tactical Retreats 4 | . 2 2 Traps | -11 -10 -10 ------- Run | Yrd Mat Sub Traps Triggered . | . . . Indirectly . | . . . Trap Hack Attempts . | . . . Triggered . | . . . Disarmed 6 | . 6 . Reprogrammed . | . . . Reused . | . . . Traps Extracted . | . . . Installed . | . . . Triggered . | . . . Machines | -11 -10 -10 ---------- Run | Yrd Mat Sub Machines Disabled . | . . . Max in Single Turn . | . . . Machines Repaired . | . . . Machines Dismantled . | . . . Machines Sabotaged . | . . . Overloaded Fab Kills . | . . . Hacking | -11 -10 -10 --------- Run | Yrd Mat Sub Machines Accessed 8 | . 8 . Terminals 7 | . 7 . Fabricators . | . . . Repair Stations . | . . . Recycling Units 1 | . 1 . Scanalyzers . | . . . Garrison Access . | . . . Total Hacks 26 | . 26 . Successful 20 | . 20 . Failed 6 | . 6 . Catastrophic . | . . . Database Lockouts . | . . . Manual 16 | . 16 . Terminals 24 | . 24 . Fabricators . | . . . Repair Stations . | . . . Recycling Units 2 | . 2 . Scanalyzers . | . . . Garrison Access . | . . . Terminal Hacks 10 | . 10 . Robot Analysis 2 | . 2 . Prototype ID Bank 2 | . 2 . Emergency Access Points 1 | . 1 . Terminal Index 1 | . 1 . Unreport Threat 1 | . 1 . Locate Traps 1 | . 1 . Disarm Traps 1 | . 1 . Hauler Manifests 1 | . 1 . Fabricator Hacks . | . . . Repair Station Hacks . | . . . Recycling Unit Hacks 1 | . 1 . Retrieve Components 1 | . 1 . Scanalyzer . | . . . Garrison Access Hacks . | . . . Unauthorized Hacks 9 | . 9 . Terminals 8 | . 8 . Botnet 1 | . 1 . Operators 1 | . 1 . Skim 6 | . 6 . Fabricators . | . . . Repair Stations . | . . . Recycling Units 1 | . 1 . Tunnel 1 | . 1 . Scanalyzers . | . . . Garrison Access . | . . . Data Cores Recovered . | . . . Used . | . . . Hacking Detections 7 | . 7 . Full Trace Events 1 | . 1 . Feedback Events . | . . . Feedback Blocked . | . . . Robot Schematics Acquired . | . . . Robots Built . | . . . Authchips . | . . . Time . | . . . Total Robot Build Rating . | . . . Part Schematics Acquired . | . . . Parts Built . | . . . Authchips . | . . . Time . | . . . Total Part Build Rating . | . . . Part Studies Acquired . | . . . Parts Repaired . | . . . Time . | . . . Parts Recycled . | . . . Recycled Matter . | . . . Retrieved Matter . | . . . Retrieved Components 9 | . 9 . Parts Scanalyzed . | . . . Part Schematics Acquired . | . . . Parts Damaged . | . . . Bothacking | -11 -10 -10 ------------ Run | Yrd Mat Sub Used RIF Installer . | . . . Robots Hacked . | . . . Non-combat . | . . . Combat . | . . . Robot Hacks Applied . | . . . Relay Couplers Released . | . . . Fabnet Peak Effective % . | . . . Robots Rewired . | . . . Allies Hacked . | . . . Hacks Repelled . | . . . Allies | -11 -10 -10 -------- Run | Yrd Mat Sub Total Allies . | . . . Largest Group . | . . . Highest-Rated Group . | . . . Highest-Rated Ally . | . . . Total Orders . | . . . Ally Attacks . | . . . Total Damage . | . . . Kills . | . . . Allies Corrupted . | . . . Allies Melted . | . . . Intel | -11 -10 -10 ------- Run | Yrd Mat Sub Active Infowar (turns) 2044 | 9 1424 611 Structural 42 | . . 42 Seismic 2002 | 9 1424 569 Robot Analysis Total 2 | . 2 . Derelict Logs Recovered . | . . . Drone Launches . | . . . Drone Recoveries . | . . . Exploration | -11 -10 -10 ------------- Run | Yrd Mat Sub Turns Passed 2177 | 142 1424 611 Spaces Moved 1178 | 74 806 298 Core 1 | 1 . . Treads 986 | . 688 298 Legs . | . . . Wheels 191 | 73 118 . Hover . | . . . Flight . | . . . Fastest Speed 50 | 50 90 160 Average Speed 153 | 87 149 178 Slowest Speed 240 | 90 160 240 Overloaded Moves . | . . . Propulsion Burnouts . | . . . Robots Hopped . | . . . Potential Cave-ins . | . . . Cave-ins Triggered . | . . . Exploration Rate (%) 40 | 3 91 26 Regions Visited 2 Branch Regions 1 Pre-discovered Areas 1 | . 1 . Known Exits Taken . | . . . Unknown Exits Taken 2 | 1 1 . Scrap Searched . | . . . Spaces Dug 3 | . . 3 Terrain Destroyed 59 | . 16 43 Melee 3 | . . 3 Projectile . | . . . AOE 56 | . 16 40 Terrain Rammed . | . . . Walls Destroyed . | . . . Machines Disabled . | . . . Actions | -11 -10 -10 --------- Run | Yrd Mat Sub Total 1390 | 109 935 346 Wait 46 | 1 40 5 Move 1176 | 73 805 298 Hop . | . . . Pick Up 25 | 7 14 4 Fast Attach 8 | 7 . 1 Attach 3 | . . 3 Detach . | . . . Swap 15 | . 10 5 Drop 13 | . 13 . Fire 88 | 21 53 14 Melee 16 | . . 16 Ram . | . . . Kick . | . . . Crush . | . . . Escape Stasis . | . . . Rewire . | . . . Trap . | . . . Miscellaneous . | . . . Route ------- -11/Scrapyard -10/Materials (discovered 6 exits: [*Mat x3] / *Min x2 / [*Sub]) -10/Subcaves (discovered 4 exits: Mat x2 / *Rec / [*Scr]) History --------- Turn | Location | Event 15 | -11/Scrapyard | Discovered new exit (range 15) 143 | -11/Scrapyard | Entered Materials 262 | -10/Materials | Discovered new exit (range 16) 289 | -10/Materials | Discovered new exit (range 14) 302 | -10/Materials | Build established: Mutant 361 | -10/Materials | Discovered new exit (range 6) 572 | -10/Materials | Discovered new exit (range 7) 713 | -10/Materials | Discovered new exit (range 16) 1005 | -10/Materials | Learned Storage emergency access door positions 1060 | -10/Materials | Learned location of 2 exits from Subcaves 1107 | -10/Materials | Learned Storage trap positions 1166 | -10/Materials | Identified exit to Mines 1166 | -10/Materials | Learned location of 1 exit from Materials 1179 | -10/Materials | Learned location of 3 exits from Materials 1204 | -10/Materials | Learned location of 2 exits from Subcaves 1280 | -10/Materials | Learned 2 Mines zone layouts 1567 | -10/Materials | Entered Subcaves 1568 | -10/Subcaves | Approached by a straggling Scientist 1568 | -10/Subcaves | Identified exit to Materials 1568 | -10/Subcaves | Identified exit to Recycling 1590 | -10/Subcaves | Ambushed by Subdwellers from Twisted Machinery 1829 | -10/Subcaves | Shifting Twisted Machinery released Battle Cannon 1843 | -10/Subcaves | Ambushed by Subdwellers from Twisted Machinery 1867 | -10/Subcaves | Shifting Twisted Machinery released Sub. Shrapnel Launcher 1959 | -10/Subcaves | Disturbed a concealed Subdweller 1959 | -10/Subcaves | Scientist uncovered a shortcut to Scraptown 2001 | -10/Subcaves | Core integrity fell below 50% 2013 | -10/Subcaves | Lost 3 parts (2n1w) 2163 | -10/Subcaves | Core integrity fell below 20% 2178 | -10/Subcaves | Destroyed by Autobeam Turret with Autobeam Last Messages --------------- 01963_ Lgt. Treads destroyed. 01982_ Sub. Shrapnel Launcher destroyed. 01986_ Subatomizers dissect the Tech Extrapolator. 01996_ Destroyed Sub. Monowheel. 01998_ DD-Y5L(R) destroyed. 01999_ Subatomizers dissect the Tech Extrapolator. 02000_ Sub. Power Source shoots sparks and powers down. 02002_ Destroyed Scrap Shield. 02004_ CF-CIJ(R) destroyed. 02006_ Acquired 14 matter. 02009_ Subatomizers dissect the Tech Extrapolator. 02011_ Acquired Sub. Optics. 02022_ Subatomizers dissect the Tech Extrapolator. 02024_ Acquired 20 matter. 02027_ Tech Extrapolator violently self-destructs. 02031_ Acquired Machine Analyzer. 02034_ Subatomizers dissect the Disposable Heat Sink. 02104_ Acquired 12 matter. 02174_ Lgt. Treads destroyed. 02176_ Ion Engine destroyed. Map ----- +----------------------------------------------------+ | ?????????## #???? ##?????# # | | ??????????#" ###??? ### ?# # # # # | | ????????####& #??? ## ######## | | ??????###" &%! #### # #??????? | | ??????# # & ### ### #??????? | | ??????# #?####?## #?????? | | ?????##" > "# ###?????## ####?????? | | ####?# " "## #??????####????????? | | ### "# #???????????????????? | | "# % ????????????????????? | | "## " #??????????????????????# | | ### "" ####???????????????????# | | #"# " "" #??????????????????## | | ##### "" #???????????????????# | | ## #####???## "#######?????????????### | | #####????????#### #########??????????### | | #???????????????## ## #""""##?????????## | | #????????????????# """""""?????????# ## | | #????????????????# """""?????# ### | | ????????????????# ### # """ ?"" #?# | | #????????????????# ###"### #? """" ##### #?# | | ?????????????????# ### ########?? ?????##### | | ?????????????????########;#####??? ##????????## | | ?????????????????????##""" "##?? ???????????# | | ?????????????????????##" ##?""?????????????# | | ?????????????????????##" @ %# ?? #####??????### | | ????????????????????###""t ! "" ### ##???## | | ????????????????????##> !%% % ## #??# | | ????????????????????###""t "" ## #?# | | ????????????????????###" ## ## # | | ?????????????????????##" ## %[ # | | ?????????????????????##""" "##? ##?# %& #? | | ?????????????????????##########?? ###?# &# ?? | | ?????????????????????##########?? ###?## ?? | | ????????????????????????????????? ##???### # ?? | | ????????????????????????????????????????# ####?? | | ????????????????????????????????????????## #????? | | ????????????????????????????????????####?# ##???? | | ????????????????????????????????????# ### ##??? | | ????????????????????????????????????# ###? | | ????????????????????????????????##?## ## | | ???????????????????????????????## ## ## # | | ????????????????????????????#### #### # # # | | ???????????????????????????## ##??####### | | ???????????????????????????# #?????????? | | ???????????????????????????# #?????????? | | ???????????????????????????## #?????????? | | ????????????????????????????## #?????????? | | ?????????????????????????????# ## #?????????? | | ???????????????????????????? #?## ##????????? | +----------------------------------------------------+ Best States ------------- Heat Dissipation 25 Energy Generation 15 Energy Capacity 250 Matter Stores 300 Matter Capacity 300 Sight Range 16 Terrain Scan Density 10 Evasion (%) 44 Recoil Reduction 2 Item Schematics ----------------- None Robot Schematics ------------------ None Fabricated ------------ Nothing Repaired ---------- Nothing Studied --------- None Alien Tech Used ----------------- None Achievements -------------- None Challenges ------------ None Game ------ Seed TerrainCompactBiocell Manual? 0 Play Time 00:30:20 Cumulative 49.8 hours Start 2025.11.25 @ 10:16:05 End 2025.11.25 @ 10:45:01 Sessions 1 Manual Loads 0 Difficulty Rogue Special Mode None Game No. 72 Rogue 72 Adventurer 0 Explorer 0 Win Type - Total 1 Types 1/0/0/0/0/0/0/0/0/0 Lore% 38 Gallery% 31 Achievement% 28 Wizard Run 0 Options --------- Layout 0 ASCII 0 Keyboard 0 Movement Mouse Keybinds 0 Fullscreen 2 Font 24/Crisp Map View 76x50 Zoom Use 0% Tactical HUD 1 Map Filters NONE Filters NONE Steam 1 RUN: 6f517440-b94a-4608-a9b3-061bdad38d9e